 Dungeon Crawl Stone Soup version 0.32-a0-433-g08bcfe7efd (webtiles) character file.

Game seed: 12918727063367975609

115 cforsyth the Slasher (level 5, 0/41 HPs)
             Began as a Coglin Gladiator on Feb 23, 2024.
             Slain by an orc priest
             ... wielding a +2 trident of protection
              (7 damage)
             ... on level 3 of the Dungeon.
             The game lasted 00:02:21 (1604 turns).

cforsyth the Slasher (Coglin Gladiator)             Turns: 1604, Time: 00:02:23

Health: 0/41       AC:  7    Str: 13    XL:     5   Next: 0%
Magic:  5/5        EV: 10    Int:  7    God:
Gold:   167        SH:  0    Dex: 21    Spells: 4/4 levels left

rFire   . . .        a - +0 long sword {Simosihle}
rCold   . . .        m - +2 dagger (speed) {Chujiro}
rNeg    . . .        o - +0 scale mail
rPois   +            c - +0 helmet
rElec   .            (no cloak)
rCorr   .            (no gloves)
SInv    .            (no boots)
Will    +....        q - amulet of regeneration Stlth
                     Y - +4 ring of slaying
HPRegen 1.06/turn    P - ring of poison resistance
MPRegen 0.09/turn

%: random rage (3%)
@: immotile, studying Dodging, revved
A: off-hand wielding, slow wielding, warmup strikes, legs shutdown, agile 1,
berserk 1, strong-willed 1, subdued magic 1
a: Convert to Beogh


You were on level 3 of the Dungeon.
You visited 1 branch of the dungeon, and saw 3 of its levels.

You collected 167 gold pieces.


Innate Abilities, Weirdness & Mutations

You can wield a second weapon in your off-hand.
It takes a long time for you to wield or remove held weapons.
Your first few attacks do less damage.
Attacking and casting redirects power from your legs.
You are agile. (Dex +4, Str/Int -1)
You sometimes lose your temper in combat.
You are strong-willed. (Will+)
Your spells are a little easier to cast, but a little less powerful.


   Skills:
 + Level 3.1 Fighting
 + Level 3.8 Long Blades
 - Level 1.7 Throwing
 + Level 1.9 Armour
 + Level 3.3 Dodging


You had 4 spell levels left.
You didn't know any spells.
Your spell library was empty.

Inventory:

Hand Weapons
 a - a +0 long sword (weapon) {Simosihle}
 m - a +2 dagger of speed (offhand) {Chujiro}
Missiles
 d - 4 throwing nets (quivered) {=f}
 e - a javelin
Armour
 b - a +0 leather armour
 c - a +0 helmet (worn)
 k - a +0 pair of boots
 o - a +0 scale mail (worn)
 r - a +0 pair of gloves
Jewellery
 q - an amulet of regeneration (around neck)
 P - a ring of poison resistance (right grasper)
 Y - a +4 ring of slaying (left grasper)
Scrolls
 f - a scroll of fear {unknown}
 g - 3 scrolls of identify {unknown}
 h - a scroll of teleportation {unknown}
 i - a scroll of vulnerability {unknown}
 l - 2 scrolls of noise {unknown}
Potions
 j - a potion of mutation
 n - a potion of heal wounds {unknown}

Dungeon Overview and Level Annotations

Branches:
Dungeon (3/15)

Altars:

.###.....###.....##
.####^..## ##...##
..####'#######'#######+
#......................
###....................
#....................
####'#######'#######+
##)).## ##...##
##.....###$..)@#
#.......#.....o.#
#.......#.......#
#.......#...$...# #
##.....###.....## #
##...## ##...## ##
##### ##### .#######
........


You could see an orc priest.


Message History

* * * LOW HITPOINT WARNING * * *
The orc priest shouts, "Beogh offers mercy even to people such as you.
Join us and be reborn!" (press Y on the ability menu to convert to Beogh)
You cannot move.
Unknown command.
You puncture the orc with your +2 dagger of speed!
You kill the orc!
The orc priest shouts, "Surrender to Beogh and we'll let you live!"
The orc priest calls down the wrath of Beogh upon you.
Beogh smites you!
* * * LOW HITPOINT WARNING * * *
You have reached level 5!
It was a potion of mutation.
You feel extremely strange.
You feel strong-willed.
You feel a little pissed off.
Your connection to magic feels subdued.
You feel agile.
You are no longer unable to travel.
The orc priest hits you from afar with a +2 trident of protection.
* * * LOW HITPOINT WARNING * * *
It was a potion of curing.
You feel better.
The orc priest hits you from afar with a +2 trident of protection!
* * * LOW HITPOINT WARNING * * *
The orc priest casts a cantrip, but nothing happens.
Things that are here:
a +0 falchion; a +0 chain mail; an orc corpse The orc priest threatens, "Beogh's wrath is as vast as their mercy.
Make your choice!"
You hit the orc priest but do no damage.
You completely miss the orc priest with your +2 dagger of speed.
The orc priest shouts, "Beogh offers mercy even to people such as you.
Join us and be reborn!"
The orc priest hits you with a +2 trident of protection!
You die...

Skill      XL: |  1  2  3  4 |
---------------+-------------+-----
Armour         | 1 |  1.9
Fighting       | 3 |  3.1
Dodging        | 3 |  3.3
Long Blades    | |  3.8
Throwing       | |  1.7

Action                     |  1- 3 |  4- 6 || total
---------------------------+-------+-------++-------
  Melee: Long sword        |    65 |    10 ||    75
         Dagger            |    30 |    12 ||    42
    Use: Potion            |       |     2 ||     2
 Armour: Leather armour    |    15 |       ||    15
         Scale mail        |    19 |    18 ||    37
  Dodge: Dodged            |    39 |     2 ||    41

Levels and vault maps discovered:
D:1:      dpeg_arrival_short_road, layout_loops_ring,
          hellmonk_ecumenical_altar_inner_sanctum, minmay_misc_feat_roman
D:2:      layout_rooms
D:3:      kennysheep_six_static_rooms, layout_loops_ring, minmay_circle_x

Notes
Turn   | Place    | Note
-------+----------+-------------------------------------------
     0 | D:1      | cforsyth the Coglin Gladiator began the quest for the Orb.
     0 | D:1      | Reached XP level 1. HP: 16/16 MP: 1/1
   186 | D:1      | Found a faded altar of an unknown god.
   208 | D:1      | Reached XP level 2. HP: 20/22 MP: 2/2
   945 | D:2      | Reached skill level 1 in Armour
  1094 | D:2      | Reached XP level 3. HP: 28/28 MP: 3/3
  1516 | D:3      | Reached XP level 4. HP: 24/34 MP: 4/4
  1520 | D:3      | Reached skill level 3 in Fighting
  1520 | D:3      | Reached skill level 3 in Dodging
  1600 | D:3      | HP: 3/35 [orc priest/divine providence (14)]
  1601 | D:3      | Reached XP level 5. HP: 4/41 MP: 5/5
  1601 | D:3      | Gained mutation: You are strong-willed. (Will+) [potion of
                  | mutation]
  1601 | D:3      | Gained mutation: You sometimes lose your temper in combat.
                  | [potion of mutation]
  1601 | D:3      | Gained mutation: Your spells are a little easier to cast,
                  | but a little less powerful. [potion of mutation]
  1601 | D:3      | Gained mutation: You are agile. (Dex +4, Str/Int -1)
                  | [potion of mutation]
  1604 | D:3      | Slain by an orc priest

Vanquished Creatures
  2 orc wizards (D:3)
  An adder (D:2)
  4 ribbon worms
  5 orcs (D:3)
  A bat (D:1)
  6 endoplasms
  A giant cockroach (D:3)
  3 goblins
  2 hobgoblins
  2 kobolds (D:1)
  3 quokkas
  4 ball pythons
  A frilled lizard (D:2)
  5 rats
40 creatures vanquished.

Table legend: (Time is in decaauts)
 A = Elapsed time spent in this place.
 B = Non-inter-level travel time spent in this place.
 C = Inter-level travel time spent in this place.
 D = Time resting spent in this place.
 E = Time spent auto-exploring this place.
 F = Levels seen in this place.
 G = Mean time per level.
                   A        B        C        D        E       F      G
               +--------+--------+--------+--------+--------+-----+--------+
         Total |   1604 |   1530 |     74 |      0 |   1256 |   3 |  534.7 |
       Dungeon |   1604 |   1530 |     74 |      0 |   1256 |   3 |  534.7 |
               +--------+--------+--------+--------+--------+-----+--------+

Top non-repeatable levels by time:
     D:1: 938 daAuts
     D:2: 502 daAuts
     D:3: 163 daAuts

Table legend:
 A = Non-vault XP
 B = Vault XP
 C = Vault XP percentage of total XP
 D = Non-vault monster count
 E = Vault monster count
 F = Vault count percentage of total count
                 A         B        C        D         E       F
            +---------+---------+-------+---------+---------+-------
      Total |     155 |      10 |   6.1 |      36 |       4 |  10.0
            +---------+---------+-------+---------+---------+-------
        D:1 |      16 |       0 |   0.0 |       9 |       0 |   0.0
        D:2 |      41 |       0 |   0.0 |      15 |       0 |   0.0
        D:3 |      98 |      10 |   9.3 |      12 |       4 |  25.0
            +---------+---------+-------+---------+---------+-------
